AoeStats
← Tz.zT

Arabia

509718908Analyzed
1v1 RM · 4d ago on Sep 27, 2026· 17m 51s· 2 players
Game mode
Random Map
Map size
Tiny (2 player)
Population
200
Speed
Normal
Resources
Standard
Victory
Conquest
Starting age
Dark Age
Ending age
Imperial Age
RankedLock teamsTeams togetherTeam positionsShared explorationLock speedFull tech treeHidden civsTurbo modeCheats
Victory
Defeat
🇨🇳 Khitans · China
1331
+15
🇧🇷 Magyars · Brazil
1320
-15
Oceanz
5:58 Loom
8:30 Feudal Age
9:00 Double-Bit Axe
Tz.zT
8:53 Feudal Age
9:33 Double-Bit Axe
10:43 Loom
13:17 Forging
17:06 Domestication
Connection lost

Rejoining the realm…

Still unreachable

The connection could not be restored.

Session expired

The server has moved on; the page needs a fresh start.